 Dungeon Sprint DCSS version 0.23-a0-446-g036aa52 (webtiles) character file.

2992 pasperui the Swashbuckler (level 10, 0/66 HPs)
             Began as a Kobold Conjurer on Nov 18, 2018.
             Was a Follower of Dithmenos.
             Slain by a centaur warrior (7 damage)
             ... in the Dungeon (Sprint I: "Red Sonja").
             The game lasted 00:13:35 (1243 turns).

pasperui the Swashbuckler (Kobold Conjurer)         Turns: 1243, Time: 00:13:36

Health: 0/66       AC:  2    Str:  6    XL:     10   Next: 9%
Magic:  16/25      EV: 22    Int: 19    God:    Dithmenos [*.....]
Gold:   673        SH:  0    Dex: 16    Spells: 25/31 levels left

rFire    + . .     SeeInvis .   f - +0 dagger
rCold    + . .     Gourm    .   (shield restricted)
rNeg     . . .     Faith    .   h - +0 robe {rC+ rF+}
rPois    .         Spirit   .   (no helmet)
rElec    .         Reflect  .   (no cloak)
rCorr    .         Harm     .   (no gloves)
MR       .....     NoTele   +   (no boots)
Stlth    +++++.....             (no amulet)
HPRegen  0.21/turn              (no ring)
MPRegen  0.19/turn              (no ring)

@: wreathed by umbra
A: small, carnivore
a: Renounce Religion


You were in the Dungeon.
You worshipped Dithmenos.
Dithmenos was aware of your devotion.
You were full.

You visited 1 branch You collected 673 gold pieces.

Inventory:

Hand Weapons
 b - a +5 scythe of freezing
 f - a +0 dagger (weapon)
 k - a +0 short sword of distortion
Armour
 a - a +0 robe
 h - a +0 robe of resistance (worn)
Wands
 j - a wand of flame (17)
Scrolls
 i - a scroll of blinking
 l - a scroll of remove curse {unknown}
 m - a scroll of amnesia {unknown}
Potions
 d - a potion of curing
 g - a potion of magic
Comestibles
 c - a ration


   Skills:
 - Level 9.1 Fighting
 * Level 15.7 Short Blades
 - Level 9.2 Dodging
 - Level 9.5 Stealth
 - Level 11.1 Spellcasting
 - Level 8.0 Conjurations
 - Level 1.1 Invocations


You had 25 spell levels left.
You knew the following spells:

 Your Spells              Type           Power        Failure   Level  Hunger
a - Magic Dart            Conj           ####         1%          1    None
b - Dazzling Spray        Conj/Hex       ####..       3%          3    None
c - Searing Ray           Conj           #####.       1%          2    None

Your spell library contained the following spells:

 Spells                   Type           Power        Failure   Level  Hunger
 Iskenderun's Mystic Bla  Conj           #####...     2%          4    ##.....
 Force Lance              Conj/Tloc      ####....     12%         4    ##.....
 Fulminant Prism          Conj/Hex       ####......   12%         4    ##.....


Dungeon Overview and Level Annotations

Branches:
Dungeon (1/1)

Altars:
Cheibriados
Dithmenos
Elyvilon
Fedhas
Gozag
Hepliaklqana
Kikubaaqudgha
Makhleb
Nemelex Xobeh
Okawaru
Qazlal
Ru
Sif Muna
Trog
Uskayaw
Vehumet
Wu Jian
Xom
Yredelemnul
Zin
The Shining One
Jiyva
Lugonu

Shops:
D [%[


Innate Abilities, Weirdness & Mutations

You are small and have problems with some larger weapons.
You are carnivorous and can eat meat at any time.


Message History

You feel much better. The centaur warrior hits you!
* * * LOW HITPOINT WARNING * * *
The centaur warrior closely misses you. The centaur warrior misses you.
Unknown command.
The centaur warrior completely misses you.
The centaur warrior barely misses you.
There is an open door, spattered with blood here.
You hit the centaur warrior but do no damage.
The centaur warrior is severely wounded.
The centaur warrior closely misses you.
You catch the helpless centaur warrior completely off-guard!
You skewer the centaur warrior like a kebab!!!
You kill the centaur warrior!
Dithmenos accepts your kill.
You are shrouded in an aura of darkness!
Your Short Blades skill gained 2 levels and is now at level 15!
You have reached level 10!
You feel clever. The centaur warrior hits you!
You die...

.['..#..'[.#..'..'.)#...#
..#####'#####'#__####...+
.†####..#...#.####§$#####
..#__####..##.#§§§§.#
..#_____##'#_.+§§§c.+
⌠⌠#_.∩...'..._#§§§c.#
###_..__##_.#'##§####
#_____###'#.#§)c§###
###########.####@###)##
∩........'...'.§.§.'.∩#
##++++####.).##########
##.## #+#


You could see a centaur warrior (blind).

Vanquished Creatures
  A centaur warrior (D)
  Sonja (D)
  A deep troll (D)
  2 kobold demonologists (D)
  A slime creature (D)
  Sigmund (D)
  A yak (D)
  A floating eye (D)
  An ogre (D)
  A jelly (D)
  Ijyb (D)
12 creatures vanquished.

Notes
Turn   | Place    | Note
-------+----------+-------------------------------------------
     0 | D        | pasperui the Kobold Conjurer began the quest for the Orb.
     0 | D        | Reached XP level 1. HP: 10/10 MP: 3/3
     1 | D        | Noticed Ijyb
    16 | D        | Killed Ijyb
    16 | D        | Reached XP level 2. HP: 14/15 MP: 0/9
    16 | D        | Reached XP level 3. HP: 17/19 MP: 0/10
   130 | D        | Learned a level 3 spell: Dazzling Spray
   133 | D        | Learned a level 2 spell: Searing Ray
   133 | D        | Noticed an ogre
   142 | D        | Killed an ogre
   142 | D        | Reached XP level 4. HP: 12/24 MP: 1/12
   142 | D        | Reached XP level 5. HP: 14/28 MP: 1/13
   288 | D        | Noticed Sigmund
   295 | D        | Killed Sigmund
   295 | D        | Reached XP level 6. HP: 30/46 MP: 3/15
   394 | D        | Found a deep blue altar of Sif Muna.
   395 | D        | Found an ornate altar of the Wu Jian Council.
   396 | D        | Found a radiant altar of Vehumet.
   458 | D        | Found Ypseng's Food Emporium.
   458 | D        | Found an ancient bone altar of Kikubaaqudgha.
   458 | D        | Found a hazy altar of Hepliaklqana.
   458 | D        | Found a stormy altar of Qazlal.
   458 | D        | Found a hide-covered altar of Uskayaw.
   458 | D        | Found a blossoming altar of Fedhas.
   458 | D        | Found a bloodstained altar of Trog.
   458 | D        | Found an iron altar of Okawaru.
   458 | D        | Found a basalt altar of Yredelemnul.
   458 | D        | Found a glowing golden altar of the Shining One.
   458 | D        | Found a snail-covered altar of Cheibriados.
   458 | D        | Found a sacrificial altar of Ru.
   458 | D        | Found a glowing silver altar of Zin.
   458 | D        | Found a shadowy altar of Dithmenos.
   458 | D        | Found a white marble altar of Elyvilon.
   458 | D        | Noticed a yak
   466 | D        | Killed a yak
   466 | D        | Reached XP level 7. HP: 22/51 MP: 4/16
   467 | D        | Found an opulent altar of Gozag.
   470 | D        | Found a sparkling altar of Nemelex Xobeh.
   635 | D        | Found a burning altar of Makhleb.
   635 | D        | Found a viscous altar of Jiyva.
   635 | D        | Found a shimmering altar of Xom.
   635 | D        | Found a corrupted altar of Lugonu.
   635 | D        | Noticed a slime creature
   648 | D        | Killed a slime creature
   911 | D        | Noticed a kobold demonologist
   911 | D        | Noticed a kobold demonologist
   914 | D        | Reached XP level 8. HP: 56/56 MP: 13/19
   926 | D        | Killed a kobold demonologist
   930 | D        | Noticed a sixfirhy
   935 | D        | Noticed an ice devil
   974 | D        | Killed a kobold demonologist
  1123 | D        | Became a worshipper of Dithmenos the Shadowed
  1133 | D        | Noticed Sonja
  1137 | D        | Killed Sonja
  1137 | D        | Reached skill level 10 in Short Blades
  1137 | D        | Reached skill level 1 in Invocations
  1137 | D        | Reached XP level 9. HP: 60/60 MP: 24/24
  1154 | D        | Found Meiggot's Antique Armour Boutique.
  1181 | D        | Noticed a centaur warrior
  1190 | D        | Noticed a deep troll
  1194 | D        | Killed a deep troll
  1194 | D        | Reached skill level 13 in Short Blades
  1204 | D        | Found Uvetien's Armour Emporium.
  1227 | D        | Noticed a centaur warrior
  1239 | D        | HP: 2/60 [centaur warrior (14)]
  1243 | D        | Killed a centaur warrior
  1243 | D        | Reached * piety under Dithmenos
  1243 | D        | Reached skill level 15 in Short Blades
  1243 | D        | Reached XP level 10. HP: 7/66 MP: 16/25
  1243 | D        | Slain by a centaur warrior

Vault maps used:
D:        dungeon_sprint_1

Skill      XL: |  1  2  3  4  5  6  7  8  9 |
---------------+----------------------------+-----
Spellcasting   | 6 7 11 | 11.1
Conjurations   | 8 |  8.0
Fighting       | 9 |  9.1
Dodging        | 9 |  9.2
Stealth        | 9 |  9.5
Short Blades   | 10 15 | 15.7
Invocations    | 1 |  1.1

Action                   |  1- 3 |  4- 6 |  7- 9 | 10-12 || total
-------------------------+-------+-------+-------+-------++-------
Melee: Unarmed           |    11 |       |       |       ||    11
       Dagger            |       |       |     9 |       ||     9
 Cast: Magic Dart        |     4 |     2 |     7 |       ||    13
       Dazzling Spray    |     1 |     4 |     6 |       ||    11
       Searing Ray       |     1 |     4 |     8 |       ||    13
  Use: Potion            |     1 |       |     3 |       ||     4
       Scroll            |       |       |     1 |       ||     1
 Stab: Sleeping          |       |       |     2 |       ||     2
       Invisible         |       |       |     2 |       ||     2
  Eat: Chunk             |       |       |     6 |       ||     6
Armor: Robe              |       |       |     1 |       ||     1
Dodge: Dodged            |     8 |     6 |    37 |       ||    51

Table legend:
 A = Non-vault XP
 B = Vault XP
 C = Vault XP percentage of total XP
 D = Non-vault monster count
 E = Vault monster count
 F = Vault count percentage of total count
                 A         B        C        D         E       F
            +---------+---------+-------+---------+---------+-------
      Total |       0 |    4275 | 100.0 |       0 |      12 | 100.0
            +---------+---------+-------+---------+---------+-------
          D |       0 |    4275 | 100.0 |       0 |      12 | 100.0
            +---------+---------+-------+---------+---------+-------
